 Dungeon Crawl Stone Soup version 0.31-a0-523-g071a6c1ffa (webtiles) character file.

Game seed: 16827981173896471431

1577 ANON1729 the Trooper (level 8, -13/71 HPs)
             Began as a Minotaur Monk on Aug 11, 2023.
             Mangled by a two-headed ogre
             ... wielding a +0 giant spiked club
              (15 damage)
             ... on level 5 of the Dungeon.
             The game lasted 00:03:22 (4942 turns).

ANON1729 the Trooper (Minotaur Monk)                Turns: 4942, Time: 00:03:23

Health: -13/71     AC: 14    Str: 15    XL:     8   Next: 60%
Magic:  10/10      EV:  9    Int:  7    God:
Gold:   235        SH:  0    Dex: 16    Spells: 7/7 levels left

rFire   + . .        y - +0 dagger (venom)
rCold   . . .        d - orb {light}
rNeg    . . .        t - +2 chain mail {rF+}
rPois   .            (helmet restricted)
rElec   .            p - +0 cloak
rCorr   .            (no gloves)
SInv    .            u - +0 pair of boots
Will    .....        l - amulet of the acrobat Stlth
                     (no ring)
HPRegen 0.31/turn    (no ring)
MPRegen 0.12/turn

%: acrobat
@: glowing
A: horns 2, retaliatory headbutt
a: no special abilities


You were on level 5 of the Dungeon.
You visited 1 branch of the dungeon, and saw 5 of its levels.

You collected 235 gold pieces.

Inventory:

Hand Weapons
 a - a +0 short sword
 y - a +0 dagger of venom (weapon)
Armour
 b - a +0 robe
 d - an orb of light (worn)
 p - a +0 cloak (worn)
 q - an orb of mayhem
 t - a +2 chain mail of fire resistance (worn)
 u - a +0 pair of boots (worn)
Jewellery
 l - an amulet of the acrobat (around neck)
 x - a ring of wizardry
Talismans
 j - a flux talisman
Wands
 s - a wand of roots (6)
Scrolls
 e - a scroll of enchant armour {unknown}
 f - a scroll of immolation {unknown}
 h - 5 scrolls of identify {unknown}
 n - 2 scrolls of fear {unknown}
 r - 2 scrolls of teleportation {unknown}
 v - a scroll of poison {unknown}
 w - a scroll of blinking {unknown}
 A - a scroll of fog {unknown}
Potions
 c - a potion of mutation {unknown}
 g - a potion of enlightenment {unknown}
 i - 2 potions of attraction {unknown}
 m - a potion of might {unknown}
 o - 3 potions of curing {unknown}
 z - a potion of cancellation {unknown}


   Skills:
 + Level 6.9 Fighting
 + Level 6.2 Short Blades
 + Level 5.6 Armour
 + Level 6.2 Dodging
 + Level 4.5 Invocations


You had 7 spell levels left.
You didn't know any spells.
Your spell library contained the following spells:

 Spells                   Type           Power      Damage    Failure   Level
 Necrotise                Necr           0%         1d4       99%         1
 Inner Flame              Hex/Fire       0%         N/A       100%        3
 Summon Guardian Golem    Hex/Summ       0%         N/A       100%        3
 Vampiric Draining        Necr           0%         2d6       100%        3
 Vhi's Electric Charge    Tloc/Air       0%         N/A       100%        3
 Agony                    Necr           0%         N/A       100%        5
 Arcjolt                  Conj/Air       0%         1d10      100%        5
 Yara's Violent Unravell  Hex/Tmut       0%         3d3       100%        5
 Plasma Beam              Fire/Air       0%         2x1d10    100%        6
 Enfeeble                 Hex            0%         N/A       100%        7
 Orb of Destruction       Conj           0%         9d5       100%        7
 Spellforged Servitor     Conj/Summ      0%         N/A       100%        7


Dungeon Overview and Level Annotations

Branches:
Dungeon (5/15)
 Temple: D:4-7

Altars:
Okawaru
Ru


Innate Abilities, Weirdness & Mutations

You have a pair of horns on your head.
You reflexively headbutt those who attack you in melee.


Message History

The two-headed ogre easily resists.
The two-headed ogre barely misses you. You furiously retaliate!
You headbutt the two-headed ogre.
The two-headed ogre hits you with a +0 giant club.
* * * LOW HITPOINT WARNING * * *
Aiming: Paralyse
Press: ? - help, Shift-Dir - straight line, f/p - two-headed ogre
Aim: a two-headed ogre, wielding a +0 giant spiked club and a +0 giant club (moderately wounded, very poisoned, haloed, chance to affect: 31%)
The two-headed ogre easily resists.
The two-headed ogre hits you with a +0 giant spiked club!
* * * LOW HITPOINT WARNING * * *
The two-headed ogre barely misses you.
Aiming: Paralyse
Press: ? - help, Shift-Dir - straight line, f/p - two-headed ogre
Aim: a two-headed ogre, wielding a +0 giant spiked club and a +0 giant club (moderately wounded, very poisoned, haloed, chance to affect: 31%)
The two-headed ogre easily resists.
Aiming: Paralyse
Press: ? - help, Shift-Dir - straight line, f/p - two-headed ogre
Aim: a two-headed ogre, wielding a +0 giant spiked club and a +0 giant club (moderately wounded, very poisoned, haloed, chance to affect: 31%)
The two-headed ogre easily resists.
The two-headed ogre hits you with a +0 giant spiked club!
* * * LOW HITPOINT WARNING * * *
The two-headed ogre hits you but does no damage.
Aiming: Paralyse
Press: ? - help, Shift-Dir - straight line, f/p - two-headed ogre
Aim: a two-headed ogre, wielding a +0 giant spiked club and a +0 giant club (moderately wounded, very poisoned, haloed, chance to affect: 31%)
The two-headed ogre easily resists.
The two-headed ogre hits you but does no damage.
The two-headed ogre closely misses you.
Aiming: Paralyse
Press: ? - help, Shift-Dir - straight line, f/p - two-headed ogre
Aim: a two-headed ogre, wielding a +0 giant spiked club and a +0 giant club (moderately wounded, very poisoned, haloed, chance to affect: 31%)
The two-headed ogre easily resists.
The now-empty wand crumbles to dust.
Okay, then.
Okay, then.
You hit the two-headed ogre.
The two-headed ogre looks as sick as possible!
You headbutt the two-headed ogre, but do no damage.
The two-headed ogre is heavily wounded.
The two-headed ogre hits you with a +0 giant spiked club!
You die...

)#..#..#).#..###†#.#......##.....
....#.....#......#...............
....#....o#......##.##.#.#.#....#
##################..##.#........#
...................###.###...#.##
...................# #.###...#.##
#################### #......##.##
....#.....#......# #.......#.##
....#.....#.....@# ##.......#.##
.#..#).#..#..###O# #............
.#..#..#..#..# ?!####.........###
.#.....#.....#...#........#..##
.#.....#.....#$$!##.#.###.#.#####
###################.#.#.........)
..#.......# #.#.#.#.#......
..........# #.#.#...#......
..........# #.......#.#####


You could see a two-headed ogre (extremely poisoned).

Vanquished Creatures
  A hornet (D:5)
  Sigmund (D:2)
  A shadow (D:5)
  An ice beast (D:5)
  An ogre (D:5)
  A centaur (D:5)
  A phantom (D:5)
  A bullfrog (D:5)
  4 scorpions
  A gnoll bouda (D:5)
  A jelly (D:5)
  4 iguanas (D:5)
  2 orc wizards (D:5)
  5 gnolls (D:5)
  11 adders
  5 worms
  A dart slug (D:5)
  10 orcs
  3 bats
  6 endoplasms
  3 giant cockroaches
  4 goblins
  10 hobgoblins
  4 kobolds
  5 quokkas
  4 ball pythons
  4 frilled lizards
  6 rats
101 creatures vanquished.

Notes
Turn   | Place    | Note
-------+----------+-------------------------------------------
     0 | D:1      | ANON1729 the Minotaur Monk began the quest for the Orb.
     0 | D:1      | Reached XP level 1. HP: 19/19 MP: 0/0
   245 | D:1      | Reached XP level 2. HP: 27/27 MP: 1/1
   430 | D:1      | Reached skill level 1 in Armour
   469 | D:1      | Found a faded altar of an unknown god.
   934 | D:2      | Reached skill level 1 in Invocations
   934 | D:2      | Reached XP level 3. HP: 28/33 MP: 2/2
  1018 | D:2      | Noticed Sigmund
  1070 | D:2      | Killed Sigmund
  1071 | D:2      | Reached XP level 4. HP: 37/41 MP: 2/4
  1071 | D:2      | Reached XP level 5. HP: 42/47 MP: 2/5
  2170 | D:3      | Reached XP level 6. HP: 51/55 MP: 6/6
  2296 | D:3      | Found an iron altar of Okawaru.
  2382 | D:3      | Reached skill level 5 in Fighting
  2834 | D:4      | Found a sacrificial altar of Ru.
  3363 | D:5      | Entered Level 5 of the Dungeon
  3410 | D:5      | Reached XP level 7. HP: 55/61 MP: 8/8
  3465 | D:5      | Noticed a hornet
  3473 | D:5      | Killed a hornet
  3474 | D:5      | Reached skill level 5 in Short Blades
  3474 | D:5      | Reached skill level 5 in Dodging
  4292 | D:5      | Reached XP level 8. HP: 70/70 MP: 9/9
  4411 | D:5      | Reached skill level 5 in Armour
  4912 | D:5      | Noticed a two-headed ogre
  4939 | D:5      | HP: 1/71 [two-headed ogre/+0 giant spiked club (11)]
  4942 | D:5      | Mangled by a two-headed ogre

Illustrated notes

Levels and vault maps discovered:
D:1:      heliophobic_arrival_ceremonial_halls, layout_basic,
          ebering_ecumenical_altar_hall
D:2:      layout_basic, minmay_cut_off, uniq_sigmund
D:3:      layout_loops_cross, mainiacjoe_overflow_paths
D:4:      layout_basic, nicolae_ru_awakened_eye, minmay_misc_feat_x
D:5:      kennysheep_windowed_halls, layout_basic

Skill      XL: |  1  2  3  4  5  6  7  8 |
---------------+-------------------------+-----
Armour         | 1 2 3 4 5 |  5.6
Invocations    | 1 2 3 4 |  4.5
Fighting       | 4 5 6 |  6.9
Short Blades   | 4 5 6 |  6.2
Dodging        | 4 5 6 |  6.2

Action                     |  1- 3 |  4- 6 |  7- 9 || total
---------------------------+-------+-------+-------++-------
  Melee: Short sword       |    55 |   132 |       ||   187
         Headbutt          |    15 |    38 |    51 ||   104
         Dagger            |       |     5 |   150 ||   155
  Evoke: Wand              |     1 |       |     9 ||    10
    Use: Potion            |     1 |       |       ||     1
   Stab: Paralysed         |     3 |       |       ||     3
 Armour: Robe              |     3 |    10 |       ||    13
         Chain mail        |       |    28 |    63 ||    91
  Dodge: Dodged            |    25 |    66 |    67 ||   158

Table legend: (Time is in decaauts)
 A = Elapsed time spent in this place.
 B = Non-inter-level travel time spent in this place.
 C = Inter-level travel time spent in this place.
 D = Time resting spent in this place.
 E = Time spent auto-exploring this place.
 F = Levels seen in this place.
 G = Mean time per level.
                   A        B        C        D        E       F      G
               +--------+--------+--------+--------+--------+-----+--------+
         Total |   4860 |   4638 |    222 |    322 |   3587 |   5 |  972.0 |
       Dungeon |   4860 |   4638 |    222 |    322 |   3587 |   5 |  972.0 |
               +--------+--------+--------+--------+--------+-----+--------+

Top non-repeatable levels by time:
     D:5: 1536 daAuts
     D:2: 978 daAuts
     D:1: 888 daAuts
     D:4: 792 daAuts
     D:3: 665 daAuts
